Avalanche vs Canucks

Created - October 31 2007 at 17:30

Goals
1 2 3 OT1 T
Avalanche 1 0 1 0 2
Canucks 0 1 1 1 3
Shots
1 2 3 OT1 T
Avalanche 16 8 6 4 34
Canucks 4 4 6 5 19

Period #1

1. Avalanche , Joffrey Lupul 3 (Kevin Klein, Jozef Stumpel) at 5:48 (PP)

Penalities :
Kevin Bieksa (VAN) for Roughing (Double Minor) at 2:02, Mike York (COL) for Holding (Minor) at 5:55, Alexei Kovalev (VAN) for Interference (Minor) at 11:23, Radim Vrbata (VAN) for Hooking (Minor) at 19:00

Period #2

2. Canucks , Lee Stempniak 3 (Radim Vrbata, Robert Lang) at 4:49

Penalities :
Steven Reinprecht (VAN) for Roughing (Minor) at 7:23, Lee Stempniak (VAN) for Hooking (Minor) at 9:30, Radim Vrbata (VAN) for Roughing (Minor) at 13:43, Lee Stempniak (VAN) for Tripping (Minor) at 15:50

Period #3

3. Avalanche , Wojtek Wolski 6 (Jozef Stumpel, Ken Klee) at 14:24
4. Canucks , Stephen Weiss 4 (Kevin Bieksa, Alexei Kovalev) at 19:17

Penalities :
No Penalty

Overtime #1

5. Canucks , Robert Lang 8 (Sergei Fedorov, Dustin Brown) at 4:31

Penalities :
No Penalty

Goalie Stats

Martin Biron (COL), 16 saves from 19 shots - (0.842), OTL, 2-5-1, 64:32 minutes
Evgeni Nabokov (VAN), 32 saves from 34 shots - (0.941), W, 7-10-0, 64:22 minutes

Players Stats

Avalanche
Player Name              G  A  P  +/- PIM S  H  SB FO MP 
-----------------------------------------------------------
Brandon Bochenski        0  0  0   0  0   1  1  0  1  19 
Brett Lebda              0  0  0   0  0   0  0  0  0  16 
Brett Mclean             0  0  0   0  0   0  0  0  9  10 
Derek Armstrong          0  0  0  -2  0   1  2  0  12 20 
Gary Roberts             0  0  0  -2  0   5  2  1  3  24 
Joffrey Lupul            1  0  1   0  0   2  2  0  0  22 
Jordan Leopold           0  0  0  -2  0   0  1  1  0  19 
Jozef Stumpel            0  2  2   1  0   6  3  0  29 23 
Keith Ballard            0  0  0   0  0   1  2  1  0  23 
Ken Klee                 0  1  1   1  0   0  2  0  0  19 
Kevin Klein              0  1  1   0  0   1  1  2  0  23 
Kurt Sauer               0  0  0  -3  0   1  2  0  0  23 
Marek Svatos             0  0  0   0  0   6  0  0  2  15 
Martin Rucinsky          0  0  0   0  0   1  1  0  0  9  
Mike Modano              0  0  0  -3  0   4  1  0  16 24 
Mike York                0  0  0   0  2   1  1  0  1  9  
Tyler Arnason            0  0  0   0  0   1  1  0  7  13 
Wojtek Wolski            1  0  1   1  0   3  1  0  2  21 
Canucks
Player Name              G  A  P  +/- PIM S  H  SB FO MP 
-----------------------------------------------------------
Alexei Kovalev           0  1  1   1  2   3  2  0  2  16 
Anders Eriksson          0  0  0   1  0   0  0  0  0  18 
Andrei Markov            0  0  0   0  0   0  3  1  0  21 
Blair Betts              0  0  0  -1  0   1  1  0  15 15 
Brad Richardson          0  0  0   0  0   0  0  1  2  11 
Dustin Brown             0  1  1   1  0   2  7  0  4  17 
Ed Jovanovski            0  0  0   1  0   1  0  2  0  18 
Kevin Bieksa             0  1  1   1  4   0  2  1  0  24 
Lee Stempniak            1  0  1   1  4   2  3  1  1  22 
Lukas Krajicek           0  0  0   0  0   0  0  0  0  11 
Radek Bonk               0  0  0   0  0   0  0  1  24 19 
Radim Vrbata             0  1  1   1  4   2  1  0  0  19 
Richard Park             0  0  0  -1  0   1  0  0  2  19 
Robert Lang              1  1  2   2  0   2  0  0  16 21 
Ron Hainsey              0  0  0   0  0   0  0  3  0  23 
Sergei Fedorov           0  1  1   1  0   0  0  0  0  17 
Stephen Weiss            1  0  1   1  0   3  3  0  15 16 
Steven Reinprecht        0  0  0   0  2   2  3  0  1  12 

3 Stars

1 - Robert Lang (VAN)
2 - Lee Stempniak (VAN)
3 - Jozef Stumpel (COL)

Power Play

Avalanche - 1 on 7 Attempt(s) - 14.29%
Canucks - 0 on 1 Attempt(s) - 0.00%

Penalty Kill

Avalanche - 1 on 1 Attempt(s) - 100.00% - Score 0 goal in Penalty Kill
Canucks - 6 on 7 Attempt(s) - 85.71% - Score 0 goal in Penalty Kill

Game Notes

No Game Note

Finance

Level 1 -- Attendance: 4851 (74.64%) -- Ticket Income $388,080.00
Level 2 -- Attendance: 3381 (61.47%) -- Ticket Income $219,765.00
Level 3 -- Attendance: 915 (42.71%) -- Ticket Income $45,750.00
Level 4 -- Attendance: 2078 (51.96%) -- Ticket Income $51,950.00
Luxury Box -- Attendance: 536 (53.60%) -- Ticket Income $134,000.00
Game was played at the General Motors Place
Total Attendance: 11761 (61.44%)
Total Ticket Income: $866,502.00
Other Income: $142,128.00
Total Income: $1,008,630.00


Play by Play

Period #1

0:01 of 1st period - Jozef Stumpel wins face-off versus Robert Lang in neutral zone.
0:55 of 1st period - Icing by Andrei Markov.
0:56 of 1st period - Mike Modano wins face-off versus Robert Lang in Canucks zone.
1:01 of 1st period - Shot by Gary Roberts.
1:01 of 1st period - Stopped by Evgeni Nabokov without a rebound.
1:02 of 1st period - Tyler Arnason wins face-off versus Stephen Weiss in Canucks zone.
1:12 of 1st period - Marek Svatos is hit by Steven Reinprecht and loses puck.
1:27 of 1st period - Shot by Marek Svatos.
1:27 of 1st period - Stopped by Evgeni Nabokov with a rebound.
1:31 of 1st period - Shot by Marek Svatos.
1:31 of 1st period - Shot Misses the Net.
1:35 of 1st period - Shot by Brett Lebda.
1:35 of 1st period - Shot Misses the Net.
1:37 of 1st period - Shot by Joffrey Lupul.
1:37 of 1st period - Shot Misses the Net.
1:46 of 1st period - Shot by Tyler Arnason.
1:46 of 1st period - Shot Blocked by Kevin Bieksa.
1:57 of 1st period - Mike Modano is hit by Stephen Weiss and loses puck.
2:02 of 1st period - Double Minor Penalty to Kevin Bieksa for Roughing.
2:03 of 1st period - Radek Bonk wins face-off versus Derek Armstrong in Canucks zone.
2:03 of 1st period - Radek Bonk is hit by Derek Armstrong.
2:29 of 1st period - Shot by Brandon Bochenski.
2:29 of 1st period - Deflect By Wojtek Wolski.
2:29 of 1st period - Stopped by Evgeni Nabokov without a rebound.
2:30 of 1st period - Richard Park wins face-off versus Jozef Stumpel in Canucks zone.
3:05 of 1st period - Shot by Kevin Klein.
3:05 of 1st period - Stopped by Evgeni Nabokov with a rebound.
3:20 of 1st period - Off-side.
3:21 of 1st period - Radek Bonk wins face-off versus Wojtek Wolski in neutral zone.
3:35 of 1st period - Icing by Wojtek Wolski.
3:36 of 1st period - Derek Armstrong wins face-off versus Radek Bonk in Avalanche zone.
3:47 of 1st period - Shot by Wojtek Wolski.
3:47 of 1st period - Stopped by Evgeni Nabokov without a rebound.
3:48 of 1st period - Richard Park wins face-off versus Jozef Stumpel in Canucks zone.
4:03 of 1st period - Shot by Gary Roberts.
4:03 of 1st period - Stopped by Evgeni Nabokov without a rebound.
4:04 of 1st period - Jozef Stumpel wins face-off versus Brad Richardson in Canucks zone.
4:17 of 1st period - Shot by Jozef Stumpel.
4:17 of 1st period - Stopped by Evgeni Nabokov with a rebound.
5:29 of 1st period - Icing by Brandon Bochenski.
5:30 of 1st period - Radek Bonk wins face-off versus Derek Armstrong in Avalanche zone.
5:40 of 1st period - Off-side.
5:41 of 1st period - Jozef Stumpel wins face-off versus Radek Bonk in neutral zone.
5:48 of 1st period - Shot by Joffrey Lupul.
5:48 of 1st period - Goal by Joffrey Lupul - Avalanche : 1 - Canucks : 0.
5:49 of 1st period - Stephen Weiss wins face-off versus Mike York in neutral zone.
5:49 of 1st period - Stephen Weiss is hit by Martin Rucinsky.
5:55 of 1st period - Minor Penalty to Mike York for Holding.
5:56 of 1st period - Robert Lang wins face-off versus Mike Modano in neutral zone.
5:56 of 1st period - Ed Jovanovski is hit by Ken Klee and loses puck.
6:22 of 1st period - Off-side.
6:23 of 1st period - Stephen Weiss wins face-off versus Jozef Stumpel in neutral zone.
6:53 of 1st period - Shot by Stephen Weiss.
6:53 of 1st period - Stopped by Martin Biron without a rebound.
6:54 of 1st period - Robert Lang wins face-off versus Mike Modano in Avalanche zone.
8:02 of 1st period - Alexei Kovalev is hit by Tyler Arnason and loses puck.
8:06 of 1st period - Icing by Andrei Markov.
8:07 of 1st period - Blair Betts wins face-off versus Jozef Stumpel in Canucks zone.
8:07 of 1st period - Andrei Markov is hit by Brandon Bochenski and loses puck.
8:14 of 1st period - Jozef Stumpel is hit by Alexei Kovalev and loses puck.
8:26 of 1st period - Brad Richardson is hit by Kevin Klein and loses puck.
8:29 of 1st period - Shot by Blair Betts.
8:29 of 1st period - Stopped by Martin Biron without a rebound.
8:30 of 1st period - Tyler Arnason wins face-off versus Radek Bonk in Avalanche zone.
8:36 of 1st period - Off-side.
8:37 of 1st period - Tyler Arnason wins face-off versus Radek Bonk in neutral zone.
8:44 of 1st period - Shot by Marek Svatos.
8:44 of 1st period - Stopped by Evgeni Nabokov without a rebound.
8:45 of 1st period - Mike Modano wins face-off versus Stephen Weiss in Canucks zone.
9:23 of 1st period - Gary Roberts is hit by Steven Reinprecht and loses puck.
11:00 of 1st period - Shot by Tyler Arnason.
11:00 of 1st period - Shot Misses the Net.
11:02 of 1st period - Shot by Tyler Arnason.
11:02 of 1st period - Shot Hit the Post.
11:04 of 1st period - Shot by Brett Lebda.
11:04 of 1st period - Shot Blocked by Ron Hainsey.
11:23 of 1st period - Minor Penalty to Alexei Kovalev for Interference.
11:24 of 1st period - Derek Armstrong wins face-off versus Blair Betts in neutral zone.
11:52 of 1st period - Icing by Kurt Sauer.
11:53 of 1st period - Derek Armstrong wins face-off versus Radek Bonk in Avalanche zone.
12:00 of 1st period - Shot by Derek Armstrong.
12:00 of 1st period - Stopped by Evgeni Nabokov without a rebound.
12:01 of 1st period - Jozef Stumpel wins face-off versus Blair Betts in Canucks zone.
12:24 of 1st period - Shot by Gary Roberts.
12:24 of 1st period - Stopped by Evgeni Nabokov without a rebound.
12:25 of 1st period - Blair Betts wins face-off versus Derek Armstrong in Canucks zone.
12:25 of 1st period - Blair Betts is hit by Derek Armstrong.
13:34 of 1st period - Shot by Marek Svatos.
13:34 of 1st period - Shot Misses the Net.
14:01 of 1st period - Shot by Marek Svatos.
14:01 of 1st period - Shot Blocked by Andrei Markov.
14:30 of 1st period - Mike York is hit by Kevin Bieksa and loses puck.
14:36 of 1st period - Off-side.
14:37 of 1st period - Mike Modano wins face-off versus Radek Bonk in neutral zone.
15:04 of 1st period - Jordan Leopold is hit by Dustin Brown and loses puck.
15:26 of 1st period - Icing by Keith Ballard.
15:27 of 1st period - Stephen Weiss wins face-off versus Marek Svatos in Avalanche zone.
15:32 of 1st period - Shot by Alexei Kovalev.
15:32 of 1st period - Shot Blocked by Keith Ballard.
15:40 of 1st period - Shot by Joffrey Lupul.
15:40 of 1st period - Stopped by Evgeni Nabokov without a rebound.
15:41 of 1st period - Robert Lang wins face-off versus Jozef Stumpel in Canucks zone.
15:41 of 1st period - Andrei Markov is hit by Jozef Stumpel and loses puck.
15:56 of 1st period - Shot by Lee Stempniak.
15:56 of 1st period - Stopped by Martin Biron with a rebound.
16:00 of 1st period - Shot by Radim Vrbata.
16:00 of 1st period - Shot Misses the Net.
16:04 of 1st period - Shot by Robert Lang.
16:04 of 1st period - Shot Blocked by Kevin Klein.
16:06 of 1st period - Shot by Ed Jovanovski.
16:06 of 1st period - Stopped by Martin Biron without a rebound.
16:07 of 1st period - Stephen Weiss wins face-off versus Brett Mclean in Avalanche zone.
16:07 of 1st period - Steven Reinprecht is hit by Ken Klee and loses puck.
17:14 of 1st period - Shot by Derek Armstrong.
17:14 of 1st period - Shot Misses the Net.
17:56 of 1st period - Shot by Marek Svatos.
17:56 of 1st period - Stopped by Evgeni Nabokov without a rebound.
17:57 of 1st period - Jozef Stumpel wins face-off versus Radek Bonk in Canucks zone.
18:49 of 1st period - Icing by Dustin Brown.
18:50 of 1st period - Radek Bonk wins face-off versus Mike Modano in Canucks zone.
19:00 of 1st period - Minor Penalty to Radim Vrbata for Hooking.
19:01 of 1st period - Blair Betts wins face-off versus Jozef Stumpel in neutral zone.
19:16 of 1st period - Shot by Jozef Stumpel.
19:16 of 1st period - Stopped by Evgeni Nabokov without a rebound.
19:17 of 1st period - Derek Armstrong wins face-off versus Blair Betts in Canucks zone.
19:22 of 1st period - Shot by Wojtek Wolski.
19:22 of 1st period - Shot Hit the Post.
19:24 of 1st period - Shot by Jordan Leopold.
19:24 of 1st period - Shot Misses the Net.
19:26 of 1st period - Shot by Kurt Sauer.
19:26 of 1st period - Stopped by Evgeni Nabokov without a rebound.
19:27 of 1st period - Radek Bonk wins face-off versus Jozef Stumpel in Canucks zone.
19:50 of 1st period - Shot by Kevin Klein.
19:50 of 1st period - Shot Misses the Net.
19:52 of 1st period - Shot by Gary Roberts.
19:52 of 1st period - Stopped by Evgeni Nabokov without a rebound.
19:53 of 1st period - Derek Armstrong wins face-off versus Blair Betts in Canucks zone.

Period #2

0:01 of 2nd period - Jozef Stumpel wins face-off versus Radek Bonk in neutral zone.
1:01 of 2nd period - Icing by Derek Armstrong.
1:02 of 2nd period - Marek Svatos wins face-off versus Robert Lang in Avalanche zone.
1:53 of 2nd period - Icing by Ed Jovanovski.
1:54 of 2nd period - Mike Modano wins face-off versus Robert Lang in Canucks zone.
2:21 of 2nd period - Shot by Mike Modano.
2:21 of 2nd period - Stopped by Evgeni Nabokov without a rebound.
2:22 of 2nd period - Brett Mclean wins face-off versus Steven Reinprecht in Canucks zone.
2:39 of 2nd period - Shot by Mike York.
2:39 of 2nd period - Deflect By Martin Rucinsky.
2:39 of 2nd period - Shot Misses the Net.
2:58 of 2nd period - Shot by Alexei Kovalev.
2:58 of 2nd period - Stopped by Martin Biron without a rebound.
2:59 of 2nd period - Tyler Arnason wins face-off versus Radek Bonk in Avalanche zone.
2:59 of 2nd period - Tyler Arnason is hit by Dustin Brown.
3:04 of 2nd period - Joffrey Lupul is hit by Dustin Brown and loses puck.
3:18 of 2nd period - Dustin Brown is hit by Joffrey Lupul and loses puck.
3:33 of 2nd period - Shot by Marek Svatos.
3:33 of 2nd period - Shot Misses the Net.
4:12 of 2nd period - Off-side.
4:13 of 2nd period - Brandon Bochenski wins face-off versus Stephen Weiss in neutral zone.
4:13 of 2nd period - Jozef Stumpel is hit by Stephen Weiss and loses puck.
4:27 of 2nd period - Shot by Alexei Kovalev.
4:27 of 2nd period - Stopped by Martin Biron without a rebound.
4:28 of 2nd period - Lee Stempniak wins face-off versus Mike Modano in Avalanche zone.
4:28 of 2nd period - Andrei Markov is hit by Jordan Leopold and loses puck.
4:43 of 2nd period - Shot by Lee Stempniak.
4:43 of 2nd period - Shot Blocked by Gary Roberts.
4:47 of 2nd period - Shot by Robert Lang.
4:47 of 2nd period - Deflect By Radim Vrbata.
4:47 of 2nd period - Stopped by Martin Biron with a rebound.
4:49 of 2nd period - Shot by Lee Stempniak.
4:49 of 2nd period - Goal by Lee Stempniak - Avalanche : 1 - Canucks : 1.
4:50 of 2nd period - Stephen Weiss wins face-off versus Jozef Stumpel in neutral zone.
4:59 of 2nd period - Shot by Jozef Stumpel.
4:59 of 2nd period - Shot Misses the Net.
5:02 of 2nd period - Icing by Sergei Fedorov.
5:03 of 2nd period - Stephen Weiss wins face-off versus Mike Modano in Canucks zone.
5:07 of 2nd period - Alexei Kovalev is hit by Kurt Sauer and loses puck.
5:11 of 2nd period - Icing by Mike Modano.
5:12 of 2nd period - Radek Bonk wins face-off versus Mike Modano in Avalanche zone.
5:12 of 2nd period - Ron Hainsey is hit by Kurt Sauer and loses puck.
5:14 of 2nd period - Ron Hainsey is hit by Gary Roberts.
7:10 of 2nd period - Sergei Fedorov is hit by Wojtek Wolski and loses puck.
7:23 of 2nd period - Minor Penalty to Steven Reinprecht for Roughing.
7:24 of 2nd period - Radek Bonk wins face-off versus Derek Armstrong in Avalanche zone.
8:10 of 2nd period - Icing by Kevin Klein.
8:11 of 2nd period - Jozef Stumpel wins face-off versus Radek Bonk in Avalanche zone.
8:24 of 2nd period - Shot by Jozef Stumpel.
8:24 of 2nd period - Stopped by Evgeni Nabokov with a rebound.
8:26 of 2nd period - Shot by Mike Modano.
8:26 of 2nd period - Stopped by Evgeni Nabokov without a rebound.
8:27 of 2nd period - Jozef Stumpel wins face-off versus Blair Betts in Canucks zone.
9:30 of 2nd period - Minor Penalty to Lee Stempniak for Hooking.
9:31 of 2nd period - Radek Bonk wins face-off versus Jozef Stumpel in neutral zone.
9:49 of 2nd period - Off-side.
9:50 of 2nd period - Blair Betts wins face-off versus Derek Armstrong in neutral zone.
10:13 of 2nd period - Shot by Brandon Bochenski.
10:13 of 2nd period - Stopped by Evgeni Nabokov without a rebound.
10:14 of 2nd period - Blair Betts wins face-off versus Jozef Stumpel in Canucks zone.
10:14 of 2nd period - Blair Betts is hit by Jozef Stumpel.
10:21 of 2nd period - Icing by Mike Modano.
10:22 of 2nd period - Brad Richardson wins face-off versus Jozef Stumpel in Avalanche zone.
11:17 of 2nd period - Shot by Brandon Bochenski.
11:17 of 2nd period - Shot Misses the Net.
11:34 of 2nd period - Marek Svatos is hit by Andrei Markov and loses puck.
12:06 of 2nd period - Off-side.
12:07 of 2nd period - Stephen Weiss wins face-off versus Brett Mclean in neutral zone.
12:37 of 2nd period - Icing by Kevin Klein.
12:38 of 2nd period - Brett Mclean wins face-off versus Radek Bonk in Avalanche zone.
12:38 of 2nd period - Brett Mclean is hit by Dustin Brown.
12:50 of 2nd period - Shot by Dustin Brown.
12:50 of 2nd period - Shot Misses the Net.
13:43 of 2nd period - Minor Penalty to Radim Vrbata for Roughing.
13:44 of 2nd period - Blair Betts wins face-off versus Derek Armstrong in Avalanche zone.
14:23 of 2nd period - Shot by Derek Armstrong.
14:23 of 2nd period - Shot Misses the Net.
14:36 of 2nd period - Off-side.
14:37 of 2nd period - Blair Betts wins face-off versus Jozef Stumpel in neutral zone.
14:56 of 2nd period - Shot by Jozef Stumpel.
14:56 of 2nd period - Stopped by Evgeni Nabokov with a rebound.
15:00 of 2nd period - Shot by Mike Modano.
15:00 of 2nd period - Stopped by Evgeni Nabokov without a rebound.
15:01 of 2nd period - Radek Bonk wins face-off versus Derek Armstrong in Canucks zone.
15:50 of 2nd period - Minor Penalty to Lee Stempniak for Tripping.
15:51 of 2nd period - Jozef Stumpel wins face-off versus Radek Bonk in neutral zone.
17:12 of 2nd period - Shot by Marek Svatos.
17:12 of 2nd period - Stopped by Evgeni Nabokov with a rebound.
17:19 of 2nd period - Icing by Ken Klee.
17:20 of 2nd period - Jozef Stumpel wins face-off versus Blair Betts in Avalanche zone.
17:27 of 2nd period - Shot by Marek Svatos.
17:27 of 2nd period - Stopped by Evgeni Nabokov with a rebound.
18:05 of 2nd period - Shot by Martin Rucinsky.
18:05 of 2nd period - Shot Misses the Net.
18:07 of 2nd period - Shot by Kevin Klein.
18:07 of 2nd period - Shot Blocked by Ed Jovanovski.
18:09 of 2nd period - Shot by Ken Klee.
18:09 of 2nd period - Shot Misses the Net.
18:22 of 2nd period - Icing by Andrei Markov.
18:23 of 2nd period - Robert Lang wins face-off versus Tyler Arnason in Canucks zone.
18:50 of 2nd period - Shot by Marek Svatos.
18:50 of 2nd period - Shot Blocked by Ed Jovanovski.
19:57 of 2nd period - Shot by Alexei Kovalev.
19:57 of 2nd period - Shot Misses the Net.

Period #3

0:01 of 3rd period - Tyler Arnason wins face-off versus Dustin Brown in neutral zone.
0:22 of 3rd period - Keith Ballard is hit by Dustin Brown and loses puck.
0:27 of 3rd period - Shot by Marek Svatos.
0:27 of 3rd period - Stopped by Evgeni Nabokov without a rebound.
0:28 of 3rd period - Blair Betts wins face-off versus Brett Mclean in Canucks zone.
0:28 of 3rd period - Blair Betts is hit by Mike York.
0:44 of 3rd period - Off-side.
0:45 of 3rd period - Wojtek Wolski wins face-off versus Robert Lang in neutral zone.
0:47 of 3rd period - Kevin Klein is hit by Radim Vrbata and loses puck.
0:58 of 3rd period - Jozef Stumpel is hit by Lee Stempniak and loses puck.
1:14 of 3rd period - Jozef Stumpel is hit by Andrei Markov and loses puck.
1:19 of 3rd period - Shot by Jozef Stumpel.
1:19 of 3rd period - Stopped by Evgeni Nabokov without a rebound.
1:20 of 3rd period - Robert Lang wins face-off versus Jozef Stumpel in Canucks zone.
1:31 of 3rd period - Icing by Keith Ballard.
1:32 of 3rd period - Robert Lang wins face-off versus Jozef Stumpel in Avalanche zone.
1:33 of 3rd period - Shot by Radim Vrbata.
1:33 of 3rd period - Stopped by Martin Biron with a rebound.
2:19 of 3rd period - Off-side.
2:20 of 3rd period - Gary Roberts wins face-off versus Dustin Brown in neutral zone.
2:46 of 3rd period - Mike Modano is hit by Stephen Weiss and loses puck.
3:14 of 3rd period - Icing by Joffrey Lupul.
3:15 of 3rd period - Robert Lang wins face-off versus Gary Roberts in Avalanche zone.
4:46 of 3rd period - Joffrey Lupul is hit by Blair Betts and loses puck.
5:33 of 3rd period - Shot by Stephen Weiss.
5:33 of 3rd period - Shot Misses the Net.
6:08 of 3rd period - Derek Armstrong is hit by Kevin Bieksa and loses puck.
7:04 of 3rd period - Robert Lang is hit by Joffrey Lupul and loses puck.
7:45 of 3rd period - Shot by Marek Svatos.
7:45 of 3rd period - Shot Blocked by Ron Hainsey.
7:53 of 3rd period - Shot by Steven Reinprecht.
7:53 of 3rd period - Deflect By Alexei Kovalev.
7:53 of 3rd period - Stopped by Martin Biron without a rebound.
7:54 of 3rd period - Alexei Kovalev wins face-off versus Brett Mclean in Avalanche zone.
7:55 of 3rd period - Shot by Steven Reinprecht.
7:55 of 3rd period - Stopped by Martin Biron with a rebound.
7:58 of 3rd period - Icing by Brett Lebda.
7:59 of 3rd period - Brett Mclean wins face-off versus Alexei Kovalev in Avalanche zone.
8:06 of 3rd period - Shot by Tyler Arnason.
8:06 of 3rd period - Shot Blocked by Radek Bonk.
8:08 of 3rd period - Shot by Mike York.
8:08 of 3rd period - Stopped by Evgeni Nabokov without a rebound.
8:09 of 3rd period - Jozef Stumpel wins face-off versus Robert Lang in Canucks zone.
8:10 of 3rd period - Shot by Wojtek Wolski.
8:10 of 3rd period - Shot Misses the Net.
8:39 of 3rd period - Icing by Ken Klee.
8:40 of 3rd period - Radek Bonk wins face-off versus Jozef Stumpel in Avalanche zone.
8:57 of 3rd period - Shot by Lee Stempniak.
8:57 of 3rd period - Shot Blocked by Kevin Klein.
9:11 of 3rd period - Shot by Gary Roberts.
9:11 of 3rd period - Shot Blocked by Ron Hainsey.
9:13 of 3rd period - Shot by Gary Roberts.
9:13 of 3rd period - Deflect By Brandon Bochenski.
9:13 of 3rd period - Shot Misses the Net.
9:17 of 3rd period - Shot by Mike Modano.
9:17 of 3rd period - Shot Blocked by Lee Stempniak.
9:19 of 3rd period - Shot by Keith Ballard.
9:19 of 3rd period - Stopped by Evgeni Nabokov without a rebound.
9:20 of 3rd period - Dustin Brown wins face-off versus Gary Roberts in Canucks zone.
9:50 of 3rd period - Dustin Brown is hit by Keith Ballard and loses puck.
10:23 of 3rd period - Kevin Bieksa is hit by Mike Modano and loses puck.
11:24 of 3rd period - Shot by Wojtek Wolski.
11:24 of 3rd period - Shot Misses the Net.
12:04 of 3rd period - Shot by Steven Reinprecht.
12:04 of 3rd period - Stopped by Martin Biron with a rebound.
12:19 of 3rd period - Marek Svatos is hit by Andrei Markov and loses puck.
13:22 of 3rd period - Shot by Tyler Arnason.
13:22 of 3rd period - Stopped by Evgeni Nabokov without a rebound.
13:23 of 3rd period - Brett Mclean wins face-off versus Dustin Brown in Canucks zone.
13:23 of 3rd period - Brett Lebda is hit by Alexei Kovalev and loses puck.
14:24 of 3rd period - Shot by Wojtek Wolski.
14:24 of 3rd period - Goal by Wojtek Wolski - Avalanche : 2 - Canucks : 1.
14:25 of 3rd period - Mike Modano wins face-off versus Radek Bonk in neutral zone.
14:25 of 3rd period - Derek Armstrong is hit by Dustin Brown and loses puck.
14:27 of 3rd period - Derek Armstrong is hit by Dustin Brown.
14:46 of 3rd period - Icing by Mike Modano.
14:47 of 3rd period - Stephen Weiss wins face-off versus Mike Modano in Avalanche zone.
15:10 of 3rd period - Shot by Stephen Weiss.
15:10 of 3rd period - Shot Misses the Net.
16:42 of 3rd period - Shot by Wojtek Wolski.
16:42 of 3rd period - Shot Blocked by Brad Richardson.
18:14 of 3rd period - Jordan Leopold is hit by Lee Stempniak and loses puck.
18:24 of 3rd period - Mike Modano is hit by Lee Stempniak and loses puck.
19:04 of 3rd period - Jordan Leopold is hit by Steven Reinprecht and loses puck.
19:07 of 3rd period - Canucks, Evgeni Nabokov is pulled from the net.
19:13 of 3rd period - Shot by Alexei Kovalev.
19:13 of 3rd period - Shot Misses the Net.
19:15 of 3rd period - Shot by Kevin Bieksa.
19:15 of 3rd period - Shot Misses the Net.
19:17 of 3rd period - Shot by Stephen Weiss.
19:17 of 3rd period - Goal by Stephen Weiss - Avalanche : 2 - Canucks : 2.
19:17 of 3rd period - Evgeni Nabokov from Canucks was sent back in the game.
19:18 of 3rd period - Tyler Arnason wins face-off versus Radek Bonk in neutral zone.
19:32 of 3rd period - Shot by Richard Park.
19:32 of 3rd period - Shot Misses the Net.
19:34 of 3rd period - Shot by Richard Park.
19:34 of 3rd period - Shot Misses the Net.
19:38 of 3rd period - Shot by Richard Park.
19:38 of 3rd period - Stopped by Martin Biron without a rebound.
19:39 of 3rd period - Blair Betts wins face-off versus Brett Mclean in Avalanche zone.
19:39 of 3rd period - Lee Stempniak is hit by Keith Ballard and loses puck.

Overtime #1

0:01 of 1st overtime period - Stephen Weiss wins face-off versus Mike Modano in neutral zone.
0:01 of 1st overtime period - Lee Stempniak is hit by Gary Roberts and loses puck.
0:16 of 1st overtime period - Shot by Stephen Weiss.
0:16 of 1st overtime period - Stopped by Martin Biron without a rebound.
0:17 of 1st overtime period - Robert Lang wins face-off versus Jozef Stumpel in Avalanche zone.
0:47 of 1st overtime period - Shot by Martin Rucinsky.
0:47 of 1st overtime period - Shot Misses the Net.
0:51 of 1st overtime period - Shot by Jozef Stumpel.
0:51 of 1st overtime period - Stopped by Evgeni Nabokov with a rebound.
0:53 of 1st overtime period - Shot by Martin Rucinsky.
0:53 of 1st overtime period - Stopped by Evgeni Nabokov without a rebound.
0:54 of 1st overtime period - Mike Modano wins face-off versus Stephen Weiss in Canucks zone.
1:24 of 1st overtime period - Shot by Mike Modano.
1:24 of 1st overtime period - Stopped by Evgeni Nabokov without a rebound.
1:25 of 1st overtime period - Robert Lang wins face-off versus Jozef Stumpel in Canucks zone.
1:36 of 1st overtime period - Shot by Dustin Brown.
1:36 of 1st overtime period - Stopped by Martin Biron with a rebound.
1:40 of 1st overtime period - Shot by Robert Lang.
1:40 of 1st overtime period - Shot Blocked by Jordan Leopold.
1:42 of 1st overtime period - Shot by Robert Lang.
1:42 of 1st overtime period - Stopped by Martin Biron without a rebound.
1:43 of 1st overtime period - Stephen Weiss wins face-off versus Mike Modano in Avalanche zone.
2:57 of 1st overtime period - Shot by Dustin Brown.
2:57 of 1st overtime period - Stopped by Martin Biron without a rebound.
2:58 of 1st overtime period - Robert Lang wins face-off versus Mike Modano in Avalanche zone.
3:11 of 1st overtime period - Shot by Gary Roberts.
3:11 of 1st overtime period - Stopped by Evgeni Nabokov without a rebound.
3:12 of 1st overtime period - Jozef Stumpel wins face-off versus Stephen Weiss in Canucks zone.
3:48 of 1st overtime period - Stephen Weiss is hit by Jozef Stumpel and loses puck.
4:31 of 1st overtime period - Shot by Robert Lang.
4:31 of 1st overtime period - Goal by Robert Lang - Avalanche : 2 - Canucks : 3.


Output by the SimonT Hockey Simulator (STHS) for Stephane Roy -- Original Page W3C XHTML 1.0 Valid